AoeStats
← kswistek

Arena

509702648Analyzed
3v3 RM · 4d ago on Sep 27, 2026· 44m 17s· 6 players
Game mode
Random Map
Map size
Normal (6 player)
Population
200
Speed
Normal
Resources
Standard
Victory
Conquest
Starting age
Dark Age
Ending age
Imperial Age
RankedLock teamsTeams togetherTeam positionsShared explorationLock speedFull tech treeHidden civsTurbo modeCheats
Victory
Defeat
🇦🇷 Persians · Argentina
1357
+11
🇬🇧 Shu · United Kingdom
1298
+14
🇨🇳 Vikings · China
1292
+13
🇵🇱 Malians · Poland
1255
-13
🇵🇱 Hindustanis · Poland
1244
-13
🇵🇱 Khmer · Poland
1220
-12
codobaggins
10:58 Feudal Age
11:51 Double-Bit Axe
14:46 Castle Age
13:44 Horse Collar
16:24 Bow Saw
16:55 Loom
18:17 Wheelbarrow
18:26 Wheelbarrow
21:23 Gold Mining
21:26 Stone Mining
21:47 Heavy Plow
22:58 Gold Mining
24:25 Hand Cart
24:17 Gold Mining
28:06 Imperial Age
25:14 Crossbowman
26:38 Thumb Ring
27:12 Gold Shaft Mining
27:04 Fletching
27:14 Padded Archer Armor
27:23 Caravan
27:54 Bodkin Arrow
28:45 Ballistics
28:37 Masonry
28:16 Arbalester
29:06 Bracer
29:21 Leather Archer Armor
29:46 Conscription
30:37 Bolt Magazine
32:14 Chemistry
32:15 Ring Archer Armor
37:26 Siege Engineers
41:12 Two-Man Saw
ROCK
10:23 Feudal Age
14:05 Castle Age
13:01 Double-Bit Axe
13:00 Horse Collar
15:47 Bow Saw
16:49 Loom
20:26 Gold Mining
20:28 Stone Mining
22:05 Gold Shaft Mining
23:51 Scale Mail Armor
24:02 Forging
27:42 Imperial Age
26:08 Chain Mail Armor
26:07 Squires
25:54 Arson
27:00 Iron Casting
26:58 Fortified Wall
29:03 Plate Mail Armor
28:19 Elite Varangian Guard
28:44 Pikeman
30:14 Chieftains
31:41 Two-Man Saw
32:55 Blast Furnace
32:08 Fletching
32:19 Padded Archer Armor
32:56 Conscription
32:31 Crossbowman
33:38 Ballistics
34:19 Chemistry
33:28 Bogsveigar
33:08 Arbalester
35:58 Siege Engineers
36:13 Bodkin Arrow
36:34 Leather Archer Armor
40:08 Bracer
42:09 Ring Archer Armor
Soy un Cacahuate
10:39 Feudal Age
14:13 Castle Age
12:40 Horse Collar
12:46 Double-Bit Axe
16:56 Bow Saw
20:53 Wheelbarrow
21:40 Heavy Plow
22:31 Hand Cart
22:19 Stone Mining
23:17 Gold Mining
28:13 Imperial Age
25:30 Loom
25:31 Town Watch
26:18 Scale Barding Armor
26:23 Forging
26:15 Husbandry
26:26 Bloodlines
28:09 Scale Mail Armor
28:33 Chain Barding Armor
30:04 Two-Man Saw
29:36 Crop Rotation
28:30 Cavalier
30:59 Conscription
31:26 Plate Barding Armor
30:36 Capped Ram
33:29 Iron Casting
32:16 Savar
34:45 Caravan
34:33 Heavy Camel Rider
kswistek
11:40 Feudal Age
16:31 Castle Age
14:24 Double-Bit Axe
14:36 Horse Collar
16:12 Scale Mail Armor
26:06 Loom
27:07 Tigui
28:17 Bow Saw
28:45 Wheelbarrow
28:13 Heavy Plow
31:41 Imperial Age
30:37 Husbandry
30:47 Bloodlines
29:58 Light Cavalry
31:06 Scale Barding Armor
31:13 Forging
32:20 Chain Barding Armor
32:34 Farimba
32:55 Conscription
32:02 Heavy Camel Rider
37:19 Plate Barding Armor
37:20 Iron Casting
40:52 Chain Mail Armor
ALG1S
10:02 Feudal Age
11:39 Double-Bit Axe
14:00 Castle Age
11:47 Horse Collar
15:36 Bow Saw
20:09 Wheelbarrow
19:22 Loom
22:23 Heavy Plow
24:50 Hand Cart
27:51 Imperial Age
26:42 Padded Archer Armor
26:44 Squires
27:58 Leather Archer Armor
28:28 Bloodlines
28:18 Husbandry
27:38 Light Cavalry
28:58 Fortified Wall
29:49 Chemistry
28:58 Siege Engineers
29:04 Masonry
29:16 Conscription
29:02 Shatagni
30:04 Scale Barding Armor
31:10 Ring Archer Armor
30:53 Forging
31:51 Chain Barding Armor
32:10 Fletching
32:47 Heavy Camel Rider
35:18 Bodkin Arrow
35:30 Grand Trunk Road
36:07 Hoardings
37:42 Conscription
38:48 Pikeman
41:28 Plate Barding Armor
41:32 Iron Casting
41:12 Imperial Camel Rider
41:42 Elite Skirmisher
42:29 Thumb Ring
42:25 Bracer
lukg
10:49 Feudal Age
10:57 Feudal Age
14:34 Castle Age
12:30 Double-Bit Axe
12:36 Horse Collar
13:23 Gold Mining
13:58 Town Watch
15:20 Wheelbarrow
20:19 Loom
23:12 Heavy Plow
24:53 Hand Cart
25:14 Fortified Wall
25:44 Stone Mining
28:30 Ballistics
28:38 Husbandry
28:49 Bloodlines
29:02 Light Cavalry
32:54 Imperial Age
33:34 Heavy Scorpion
36:04 Conscription
36:52 Elite Skirmisher
37:32 Fletching
37:43 Padded Archer Armor
39:10 Chemistry
41:51 Bow Saw
43:34 Crop Rotation
Connection lost

Rejoining the realm…

Still unreachable

The connection could not be restored.

Session expired

The server has moved on; the page needs a fresh start.